 Dungeon Crawl Stone Soup version 0.28.0 (webtiles) character file.

Game seed: 9034298811853447451

3402 Morbidden the Basher (level 9, -1/69 HPs)
             Began as a Demonspawn Fighter on Feb 14, 2022.
             Was a Believer of Cheibriados.
             Slain by an orc warrior (12 damage)
             ... in a bailey.
             The game lasted 00:08:57 (6583 turns).

Morbidden the Basher (Demonspawn Fighter)           Turns: 6583, Time: 00:08:57

Health: -1/69      AC: 20    Str: 26    XL:     9   Next: 75%
Magic:  12/12      EV:  9    Int: 17    God:    Cheibriados [**....]
Gold:   168        SH:  0    Dex: 20    Spells: 8/8 levels left

rFire   . . .      SeeInvis .   s - +10 flail of Cauben {vamp, Dex+2}
rCold   . . .      Faith    .   (no shield)
rNeg    . . .      Spirit   .   n - +0 chain mail
rPois   .          Reflect  .   (no helmet)
rElec   .          Harm     .   r - +0 cloak
rCorr   .          Rampage  .   (no gloves)
Will    .....                   (no boots)
Stlth   ..........              k - amulet of the acrobat
HPRegen 0.21/turn               (no ring)
MPRegen 0.13/turn               (no ring)

@: sanguine armoured, very slow
A: spiny 1, sanguine armour 2, demonic touch 2
a: Renounce Religion, Bend Time


You were in a bailey.
You worshipped Cheibriados.
Cheibriados was pleased with you.
You visited 2 branches of the dungeon, and saw 9 of its levels.
You also visited: Bailey.

You collected 486 gold pieces.
You spent 318 gold pieces at shops.

Inventory:

Hand Weapons
 a - a +0 long sword
 c - a +3 dagger of venom
 s - the +10 flail of Cauben (weapon) {vamp, Dex+2}
   (You bought it in a shop on level 4 of the Dungeon)

   It occasionally heals its wielder for a portion of the damage dealt when it
   wounds a living foe.
   Dex:       It affects your dexterity (+2).
Missiles
 g - 6 javelins
 l - 3 curare-tipped darts
 t - 24 boomerangs (quivered)
 w - 11 poisoned darts
Armour
 n - a +0 chain mail (worn)
 r - a +0 cloak (worn)
Jewellery
 b - a ring of ice
 k - an amulet of the acrobat (around neck)
Scrolls
 f - a scroll of fear
 h - 4 scrolls of enchant weapon
 j - a scroll of fog
 p - a scroll of identify {unknown}
 q - 2 scrolls of vulnerability {unknown}
 u - 2 scrolls of brand weapon {unknown}
 v - a scroll of noise {unknown}
 x - 4 scrolls of enchant armour {unknown}
 y - a scroll of teleportation {unknown}
 C - 2 scrolls of amnesia {unknown}
Potions
 d - a potion of might
 e - a potion of ambrosia {unknown}
 i - a potion of lignification {unknown}
 m - 6 potions of flight
 o - 3 potions of curing
 z - a potion of heal wounds {unknown}
 A - a potion of berserk rage {unknown}
 B - a potion of attraction {unknown}
 D - a potion of resistance
 E - a potion of brilliance {unknown}


   Skills:
 * Level 6.0 Fighting
 * Level 3.6(3.9) Short Blades
 + Level 2.0(3.1) Long Blades
 * Level 8.8 Maces & Flails
 * Level 2.0 Throwing
 + Level 5.4 Armour
 + Level 0.9 Dodging
 + Level 0.4 Stealth
 + Level 3.0 Shields
 * Level 4.6 Invocations


You had 8 spell levels left.
You didn't know any spells.
Your spell library contained the following spells:

 Spells                   Type           Power      Damage    Failure   Level
 Static Discharge         Conj/Air       0%         N/A       90%         2
 Dispel Undead            Necr           0%         3d6       100%        4
 Sticky Flame             Conj/Fire      0%         2d3       100%        4
 Summon Lightning Spire   Summ/Air       0%         N/A       100%        4
 Malign Gateway           Summ/Tloc      0%         N/A       100%        7
 Storm Form               Tmut/Air       0%         N/A       100%        7
 Maxwell's Capacitive Co  Air            0%         ∞         100%        8
 Summon Horrible Things   Summ           0%         N/A       100%        8


Dungeon Overview and Level Annotations

Branches:
Dungeon (8/15)             Temple (1/1) D:4          Bailey (1/1)
   Lair: D:8-11

Altars:
Cheibriados
Dithmenos
Fedhas
Kikubaaqudgha
Nemelex Xobeh
Qazlal
Yredelemnul

Shops:
D:4 **(   D:7 =   D:8 !


Innate Abilities, Weirdness & Mutations

You are partially covered in sharp spines.
When seriously injured, your blood forms thick armour. (AC +9)
Your touch may inflict irresistible damage on your foes.


Message History

You are too injured to fight recklessly!
You are too injured to fight recklessly!
You are too injured to fight recklessly!
Unknown command.
The orc warrior is struck by your spines.
The orc warrior misses you.
You sock the orc warrior!
The orc warrior is severely wounded.
The orc warrior hits you with a +0 hand axe.
Unknown command.
You barely miss the orc warrior.
You touch the orc warrior.
The orc warrior is almost dead.
The orc warrior is struck by your spines.
The orc warrior hits you but does no damage.
The orc warrior completely misses you.
Unknown command.
Unknown command.
You closely miss the orc warrior.
The orc warrior is almost dead.
The orc warrior hits you with a +0 war axe.
* * * LOW HITPOINT WARNING * * *
The orc warrior hits you with a +4 broad axe.
* * * LOW HITPOINT WARNING * * *
The orc warrior barely misses you.
Unknown command.
Unknown command.
You hit the orc warrior.
You kill the orc warrior!
Cheibriados appreciates the change of pace.
The orc warrior is struck by your spines.
The orc warrior closely misses you. The orc warrior barely misses you.
Your Throwing skill increases to level 2!
Unknown command.
Unknown command.
Unknown command.
You closely miss the gnoll.
The orc warrior hits you with a +0 war axe.
* * * LOW HITPOINT WARNING * * *
The orc warrior hits you with a +4 broad axe!
You die...

############ ##..##....#.∩
#.##..#.....#
#############.###########
####........).)..).........#
##...........#########.......
##.........#'## ######..
.....⌠..).#..# #..
#.......###o@# #..
###.....#.'og## .+ #..
####......###.gg..g..g .###.≈
≈≈≈≈≈≈≈.....#..####'#### .#.÷≈≈
#≈≈≈≈≈≈≈≈≈†)####.......####≈≈≈≈
##....≈≈≈≈≈≈≈∩#.g.!...#∩≈≈≈≈≈#
##......≈≈≈≈≈#########≈≈≈≈###
##.......≈≈≈≈≈≈≈≈≈≈≈≈≈≈##
###.........≈≈≈≈≈≈≈.##


You could see 2 orc warriors, a gnoll and 2 hobgoblins.

Vanquished Creatures
  Pikel (D:6)
  An orc knight (Bailey)
  Eustachio (D:6)
  A water moccasin (D:8)
  3 sky beasts
  4 orc warriors
  An ice beast (D:5)
  A black bear (D:6)
  5 ogres
  A necrophage (D:5)
  A centaur (D:7)
  2 scorpions
  A bullfrog zombie (D:6)
  An orc priest (D:4)
  A hound (D:4)
  3 jellies
  A centaur skeleton (D:4)
  A gnoll shaman (D:5)
  4 iguanas
  Terence (D:2)
  4 orc wizards
  A howler monkey zombie (D:5)
  3 adders
  11 gnolls
  2 ufetubi
  2 worms (D:3)
  4 dart slugs
  9 orcs
  6 bats
  8 endoplasms
  3 giant cockroaches
  11 goblins
  7 hobgoblins
  6 quokkas
  10 ball pythons
  6 frilled lizards
  19 kobolds
  6 rats (D:1)
153 creatures vanquished.

Notes
Turn   | Place    | Note
-------+----------+-------------------------------------------
     0 | D:1      | Morbidden the Demonspawn Fighter began the quest for the
                  | Orb.
     0 | D:1      | Reached XP level 1. HP: 18/18 MP: 1/1
    41 | D:1      | Gained mutation: When seriously injured, your blood forms
                  | armour. (AC +9) [demonic ancestry]
    41 | D:1      | Reached XP level 2. HP: 6/24 MP: 2/2
   383 | D:1      | Found a faded altar of an unknown god.
   775 | D:1      | Gained mutation: Your touch may inflict minor irresistible
                  | damage on your foes. [demonic ancestry]
   775 | D:1      | Reached XP level 3. HP: 16/29 MP: 3/3
  1267 | D:1      | Reached skill level 1 in Maces & Flails
  1742 | D:2      | Noticed Terence
  1756 | D:2      | Killed Terence
  1757 | D:2      | Reached XP level 4. HP: 17/35 MP: 4/4
  2705 | D:3      | Reached skill level 2 in Maces & Flails
  2842 | D:3      | Gained mutation: When seriously injured, your blood forms
                  | thick armour. (AC +9) [demonic ancestry]
  2842 | D:3      | Reached XP level 5. HP: 41/41 MP: 5/5
  3051 | D:4      | Found Jecria's Assorted Antiques.
  3055 | D:4      | Bought an iridescent flail for 136 gold pieces
  3055 | D:4      | Identified the +10 flail of Cauben {vamp, Dex+2} (You
                  | bought it in a shop on level 4 of the Dungeon)
  3105 | D:4      | Reached skill level 3 in Maces & Flails
  3141 | D:4      | Noticed an ogre
  3147 | D:4      | Killed an ogre
  3148 | D:4      | Reached skill level 1 in Short Blades
  3148 | D:4      | Gained mutation: You are partially covered in sharp spines.
                  | [demonic ancestry]
  3148 | D:4      | Reached XP level 6. HP: 45/48 MP: 6/6
  3193 | D:4      | Found a staircase to the Ecumenical Temple.
  3275 | Temple   | Entered the Ecumenical Temple
  3329 | Temple   | Became a worshipper of Cheibriados the Contemplative
  3373 | D:4      | Reached skill level 4 in Maces & Flails
  3386 | D:4      | Found Tad Pyasola's General Store.
  3687 | D:4      | Found Vyahyomm's Antique Weapon Shop.
  4076 | D:5      | Entered Level 5 of the Dungeon
  4184 | D:5      | Noticed a sky beast
  4189 | D:5      | Killed a sky beast
  4190 | D:5      | Reached XP level 7. HP: 44/54 MP: 7/7
  4418 | D:5      | Reached skill level 5 in Maces & Flails
  4418 | D:5      | Reached skill level 1 in Invocations
  4568 | D:5      | Reached * piety under Cheibriados
  4603 | D:5      | Reached skill level 6 in Maces & Flails
  4603 | D:5      | Reached XP level 8. HP: 45/61 MP: 9/9
  5178 | D:6      | Noticed Eustachio
  5191 | D:6      | Killed Eustachio
  5216 | D:6      | Reached skill level 7 in Maces & Flails
  5223 | D:6      | Reached skill level 5 in Fighting
  5441 | D:6      | Reached ** piety under Cheibriados
  5442 | D:6      | Reached skill level 5 in Armour
  5692 | D:6      | Noticed Pikel
  5700 | D:6      | Killed Pikel
  5701 | D:6      | Gained mutation: Your touch may inflict irresistible damage
                  | on your foes. [demonic ancestry]
  5701 | D:6      | Reached XP level 9. HP: 39/68 MP: 11/11
  6123 | D:7      | Found Wealea's Jewellery Shop.
  6131 | D:7      | Reached skill level 8 in Maces & Flails
  6209 | D:7      | You fall into a shaft and drop 1 floor!
  6271 | D:8      | Found a flagged portal.
  6277 | D:8      | Found Qeirog's Distillery.
  6301 | D:8      | Found a blossoming altar of Fedhas.
  6326 | D:8      | Bought a potion of curing for 42 gold pieces
  6326 | D:8      | Bought a potion of resistance for 140 gold pieces
  6350 | Bailey   | Entered a bailey
  6358 | Bailey   | Noticed an orc knight
  6548 | Bailey   | Killed an orc knight
  6549 | Bailey   | Reached skill level 1 in Throwing
  6583 | Bailey   | Slain by an orc warrior

Illustrated notes

Levels and vault maps discovered:
D:1:      eino_arrival_water_cross, layout_loops_corners, basic_ecumenical_altar
D:2:      layout_basic, minivault_4, minmay_nonomino_d4, uniq_terence
D:3:      layout_rooms
D:4:      layout_cave_pods, minmay_temple_entry_proselytizer,
          serial_column_ruins, column_ruins_hut, column_ruins_hut_ruined,
          column_ruins_columns_corner, column_ruins_columns_straight,
          column_ruins_columns_straight, column_ruins_corridor_straight,
          serial_shops, nicolae_shop_hallway_stairs, shop,
          nicolae_shop_hallway_plus
D:5:      layout_loops_ring, minmay_hedge_maze, grunt_ministairs_15
D:6:      nicolae_cairo_tiling_large_dashed, layout_loops_ring,
          lemuel_old_faithful, uniq_eustachio, uniq_pikel
D:7:      corexii_shack_village, layout_rooms, serial_shops,
          nicolae_shop_hallway_stairs, nicolae_take_the_stairs,
          nicolae_shop_temple_entry_statues_fountains, kennysheep_mini_moat,
          shop, uniq_prince_ribbit1
D:8:      layout_loops_cross, mainiacjoe_overflow_tiny_flanked, serial_shops,
          shop, enter_bailey_5, nicolae_elevator_lobby_asterisk, uniq_joseph
Temple:   mainiacjoe_temple_hex_bubbles
Bailey:   bailey_axe_4, bailey

Skill      XL: |  1  2  3  4  5  6  7  8  9 |
---------------+----------------------------+-----
Armour         | 3 4 5 |  5.4
Long Blades    | 2 |  2.0
Shields        | 3 |  3.0
Maces & Flails | 1 2 3 4 6 7 8 |  8.8
Short Blades   | 1 3 |  3.6
Fighting       | 4 5 6 |  6.0
Invocations    | 1 3 4 |  4.6
Throwing       | 2 |  2.0
Dodging        | |  0.9
Stealth        | |  0.4

Action                   |  1- 3 |  4- 6 |  7- 9 || total
-------------------------+-------+-------+-------++-------
Melee: Long sword        |    26 |       |       ||    26
       Mace              |    85 |    58 |       ||   143
       Touch             |     3 |     9 |    24 ||    36
       Punch             |     1 |     1 |     2 ||     4
       Flail             |       |    32 |   132 ||   164
Throw: Boomerang         |       |       |    30 ||    30
  Use: Scroll            |       |       |     4 ||     4
Armor: Scale mail        |    54 |       |       ||    54
       Chain mail        |       |    50 |    74 ||   124
Dodge: Dodged            |    54 |    61 |   106 ||   221
Block: Buckler           |    17 |       |       ||    17
